SNL (28 & UNDER)
BEAUMONT ROUGHNECKS @ MEMPHIS BLUES
07/29/2030
 
TOP OF THE 1ST
Beaumont Roughnecks batting - Pitching for Memphis Blues : RHP Carlos Morán
Pitching: RHP Carlos Morán
Batting: RHB Jeff Vickers 0-0: Ball
1-0: Foul Ball, location: 2F
1-1: Called Strike
1-2: Strikes out swinging
Batting: RHB António Aguilar 0-0: Fly out, F7 (Flyball, 7LM)
Batting: LHB Corey MacGregor 0-0: Called Strike
0-1: Ball
1-1: Ground out U3 (Groundball, 34S)
Top of the 1st over - 0 runs, 0 hits, 0 errors, 0 left on base; Beaumont 0 - Memphis 0
BOTTOM OF THE 1ST
Memphis Blues batting - Pitching for Beaumont Roughnecks : RHP Enrique Ortíz
Pitching: RHP Enrique Ortíz
Batting: RHB Albert Morán 0-0: Ball
1-0: Ball
2-0: Ball
3-0: Called Strike
3-1: Base on Balls
Batting: RHB Brandon Townsley 0-0: Ball
1-0: Foul Ball, location: 2F
1-1: Ball
2-1: Ball
3-1: Fielders Choice at 2nd, 1-6 (Groundball, 13)
Batting: SHB Fernando Gutiérrez 0-0: Ball
Brandon Townsley steals 2nd base
1-0: Ground out 4-3 (Groundball, 34D)
Brandon Townsley to third
Batting: RHB Julian Lee 0-0: Ball
1-0: Swinging Strike
1-1: Foul Ball, location: 2F
1-2: Ball
2-2: Ball
3-2: Strikes out swinging
Bottom of the 1st over - 0 runs, 0 hits, 0 errors, 1 left on base; Beaumont 0 - Memphis 0
TOP OF THE 2ND
Beaumont Roughnecks batting - Pitching for Memphis Blues : RHP Carlos Morán
Batting: SHB Miguel González 0-0: Called Strike
0-1: Swinging Strike
0-2: Ball
1-2: Ball
2-2: Strikes out swinging
Batting: RHB Jim MacAchounich 0-0: Called Strike
0-1: Ball
1-1: Foul Ball, location: 2F
1-2: Foul Ball, location: 2F
1-2: Ball
2-2: Foul Ball, location: 2F
2-2: Ball
3-2: Foul Ball, location: 2F
3-2: Base on Balls
Batting: LHB John Fitzgerald 0-0: Ball
Jim MacAchounich is caught stealing 2nd base
1-0: Foul Ball, location: 2F
1-1: Called Strike
1-2: Fly out, F8 (Flyball, 8RM)
Top of the 2nd over - 0 runs, 0 hits, 0 errors, 0 left on base; Beaumont 0 - Memphis 0
BOTTOM OF THE 2ND
Memphis Blues batting - Pitching for Beaumont Roughnecks : RHP Enrique Ortíz
Batting: RHB Ryan Nelson 0-0: Called Strike
0-1: SINGLE (Groundball, 4D)
Batting: RHB Artie Green 0-0: Called Strike
0-1: DOUBLE (Line Drive, 7D)
Ryan Nelson to third
Batting: LHB Freddy Torres 0-0: Called Strike
0-1: Called Strike
0-2: Ball
1-2: Ball
2-2: Strikes out swinging
Batting: RHB Miguel Mendoza 0-0: Called Strike
0-1: SINGLE (Line Drive, 7S)
Ryan Nelson scores
Artie Green to third
Batting: RHB Glenn Melican 0-0: Ball
1-0: Ball
2-0: Foul Ball, location: 2F
2-1: Foul Ball, location: 2F
2-2: Ball
3-2: SINGLE (Flyball, 78M)
Artie Green scores
Miguel Mendoza to second
Batting: RHB Albert Morán 0-0: Ball
1-0: Called Strike
1-1: Ball
2-1: Ball
3-1: Base on Balls
Miguel Mendoza to third
Glenn Melican to second
Batting: RHB Brandon Townsley 0-0: Ball
1-0: Ball
2-0: Ball
3-0: Called Strike
3-1: Called Strike
3-2: Base on Balls
Miguel Mendoza scores
Glenn Melican to third
Albert Morán to second
Batting: SHB Fernando Gutiérrez 0-0: Called Strike
0-1: Foul Ball, location: 2F
0-2: Foul Ball, location: 2F
0-2: Grounds into double play, 4-6-3 (Groundball, 4)
Bottom of the 2nd over - 3 runs, 4 hits, 0 errors, 2 left on base; Beaumont 0 - Memphis 3
TOP OF THE 3RD
Beaumont Roughnecks batting - Pitching for Memphis Blues : RHP Carlos Morán
Batting: SHB Walton Locke 0-0: Called Strike
0-1: Ball
1-1: Ball
2-1: Ground out 6-3 (Groundball, 56D)
Batting: SHB Miguel Hurtado 0-0: Called Strike
0-1: Ball
1-1: Ball
2-1: Ball
3-1: Base on Balls
Batting: LHB Roberto Félix 0-0: Grounds into double play, 4-6-3 (Groundball, 4)
Top of the 3rd over - 0 runs, 0 hits, 0 errors, 0 left on base; Beaumont 0 - Memphis 3
BOTTOM OF THE 3RD
Memphis Blues batting - Pitching for Beaumont Roughnecks : RHP Enrique Ortíz
Batting: RHB Julian Lee 0-0: Ball
1-0: Swinging Strike
1-1: Foul Ball, location: 2F
1-2: Ground out U3 (Groundball, 3)
Batting: RHB Ryan Nelson 0-0: Called Strike
0-1: Called Strike
0-2: Ball
1-2: SINGLE (Line Drive, 78S)
Batting: RHB Artie Green 0-0: Ball
1-0: Called Strike
1-1: Called Strike
1-2: Ball
2-2: Foul Ball, location: 2F
2-2: Ball
3-2: Base on Balls
Ryan Nelson to second
Batting: LHB Freddy Torres 0-0: SINGLE (Line Drive, 9S)
Ryan Nelson to third
Artie Green to second
Runner from 3rd tries for Home, SAFE, throw made home
Batting: RHB Miguel Mendoza 0-0: Ball
1-0: Ball
2-0: Called Strike
2-1: Foul Ball, location: 2F
2-2: Foul Ball, location: 2F
2-2: Foul Ball, location: 2F
2-2: Ball
3-2: Base on Balls
Artie Green to third
Freddy Torres to second
Batting: RHB Glenn Melican 0-0: SINGLE (Flyball, 89M)
Artie Green scores
Freddy Torres to third
Miguel Mendoza to second
Runner from 3rd tries for Home, SAFE, no throw
Batting: RHB Albert Morán 0-0: Called Strike
0-1: Foul Ball, location: 2F
0-2: Foul Ball, location: 2F
0-2: Ball
1-2: Fly out, F8 (Flyball, 8LD)
Batting: RHB Brandon Townsley 0-0: Foul Ball, location: 2F
0-1: Foul Ball, location: 2F
0-2: Ball
Wild Pitch!
Miguel Mendoza to third
Glenn Melican to second
1-2: Ball
2-2: Foul Ball, location: 2F
2-2: Foul Ball, location: 2F
2-2: Ball
3-2: Base on Balls
Batting: SHB Fernando Gutiérrez 0-0: Called Strike
0-1: Called Strike
0-2: Hit by Pitch
Miguel Mendoza scores
Glenn Melican to third
Brandon Townsley to second
Batting: RHB Julian Lee 0-0: Called Strike
0-1: Ball
1-1: Fly out, F4 (Line Drive, 4M)
Bottom of the 3rd over - 4 runs, 3 hits, 0 errors, 3 left on base; Beaumont 0 - Memphis 7
TOP OF THE 4TH
Beaumont Roughnecks batting - Pitching for Memphis Blues : RHP Carlos Morán
Batting: RHB Jeff Vickers 0-0: Called Strike
0-1: Hit by Pitch
Batting: RHB António Aguilar 0-0: Ball
1-0: Called Strike
1-1: Called Strike
1-2: Ball
2-2: Foul Ball, location: 2F
2-2: Ball
3-2: Strikes out looking
Batting: LHB Corey MacGregor 0-0: Ball
1-0: Foul Ball, location: 2F
1-1: Foul Ball, location: 2F
1-2: Ball
2-2: Ball
3-2: Fly out, F7 (Flyball, 7S)
Batting: SHB Miguel González 0-0: Called Strike
0-1: Hit by Pitch
Jeff Vickers to second
Batting: RHB Jim MacAchounich 0-0: Ball
1-0: Called Strike
1-1: Ball
2-1: Ball
3-1: Foul Ball, location: 2F
3-2: Base on Balls
Jeff Vickers to third
Miguel González to second
Batting: LHB John Fitzgerald 0-0: Called Strike
0-1: Swinging Strike
0-2: Foul Ball, location: 2F
0-2: Strikes out swinging
Top of the 4th over - 0 runs, 0 hits, 0 errors, 3 left on base; Beaumont 0 - Memphis 7
BOTTOM OF THE 4TH
Memphis Blues batting - Pitching for Beaumont Roughnecks : RHP Enrique Ortíz
Batting: RHB Ryan Nelson 0-0: Ground out 5-3 (Groundball, 25)
Batting: RHB Artie Green 0-0: Called Strike
0-1: Ball
1-1: Foul Ball, location: 2F
1-2: Ball
2-2: Ball
3-2: Strikes out swinging
Batting: LHB Freddy Torres 0-0: Ball
1-0: Called Strike
1-1: Called Strike
1-2: Fly out, F4 (Popup, 3D)
Bottom of the 4th over - 0 runs, 0 hits, 0 errors, 0 left on base; Beaumont 0 - Memphis 7
TOP OF THE 5TH
Beaumont Roughnecks batting - Pitching for Memphis Blues : RHP Carlos Morán
Batting: SHB Walton Locke 0-0: Ball
1-0: Foul Ball, location: 2F
1-1: DOUBLE (Line Drive, 7LM)
Batting: SHB Miguel Hurtado 0-0: Called Strike
0-1: Foul Ball, location: 2F
0-2: Ball
1-2: Ball
2-2: Ground out 4-3 (Groundball, 4)
Walton Locke to third
Batting: LHB Roberto Félix 0-0: SINGLE (Line Drive, 7S)
Walton Locke scores
Batting: RHB Jeff Vickers 0-0: Swinging Strike
0-1: Swinging Strike
0-2: Strikes out swinging
Batting: RHB António Aguilar 0-0: Foul Ball, location: 2F
0-1: TRIPLE (Line Drive, 9LD)
Roberto Félix scores
Batting: LHB Corey MacGregor 0-0: Called Strike
0-1: Foul Ball, location: 2F
0-2: Strikes out looking
Top of the 5th over - 2 runs, 3 hits, 0 errors, 1 left on base; Beaumont 2 - Memphis 7
BOTTOM OF THE 5TH
Memphis Blues batting - Pitching for Beaumont Roughnecks : RHP Enrique Ortíz
Pitching: RHP Manny Alaniz
Batting: RHB Miguel Mendoza 0-0: Ball
1-0: Ball
2-0: Swinging Strike
2-1: Swinging Strike
2-2: Strikes out swinging
Batting: RHB Glenn Melican 0-0: Ball
1-0: SOLO HOME RUN (Flyball, 7D), Distance : 402 ft
Batting: RHB Albert Morán 0-0: Foul Ball, location: 2F
0-1: Ball
1-1: Swinging Strike
1-2: Ball
2-2: Ball
3-2: Base on Balls
Batting: RHB Brandon Townsley 0-0: Ball
1-0: Ball
2-0: Ball
Albert Morán steals 2nd base
3-0: Called Strike
3-1: Swinging Strike
3-2: Foul Ball, location: 2F
3-2: Ground out 6-3 (Groundball, 6)
Albert Morán to third
Batting: SHB Fernando Gutiérrez 0-0: Ball
1-0: Called Strike
1-1: Ball
2-1: Ball
3-1: Called Strike
3-2: Base on Balls
Batting: RHB Julian Lee 0-0: Ball
1-0: Called Strike
1-1: Ball
2-1: Foul Ball, location: 2F
2-2: Foul Ball, location: 2F
2-2: Ball
3-2: SINGLE (Groundball, 34) (infield hit)
Albert Morán scores
Fernando Gutiérrez to second
Batting: RHB Ryan Nelson 0-0: Ball
1-0: Ball
2-0: Ground out 4-3 (Groundball, 4S)
Bottom of the 5th over - 2 runs, 2 hits, 0 errors, 2 left on base; Beaumont 2 - Memphis 9
TOP OF THE 6TH
Beaumont Roughnecks batting - Pitching for Memphis Blues : RHP Carlos Morán
Batting: SHB Miguel González 0-0: Called Strike
0-1: Swinging Strike
0-2: Ground out 1-3 (Groundball, P)
Batting: RHB Jim MacAchounich 0-0: Called Strike
0-1: Called Strike
0-2: Foul Ball, location: 2F
0-2: Ball
1-2: Strikes out looking
Batting: LHB John Fitzgerald 0-0: Called Strike
0-1: Swinging Strike
0-2: Ball
1-2: Ball
2-2: Ground out 4-3 (Groundball, 4S)
Top of the 6th over - 0 runs, 0 hits, 0 errors, 0 left on base; Beaumont 2 - Memphis 9
BOTTOM OF THE 6TH
Memphis Blues batting - Pitching for Beaumont Roughnecks : RHP Manny Alaniz
Batting: RHB Artie Green 0-0: Swinging Strike
0-1: Called Strike
0-2: Foul Ball, location: 2F
0-2: Ball
1-2: Ball
2-2: Foul Ball, location: 2F
2-2: Foul Ball, location: 2F
2-2: Ball
3-2: SINGLE (Line Drive, 89S)
Batting: LHB Freddy Torres 0-0: Ball
1-0: Foul Ball, location: 2F
1-1: Called Strike
1-2: Ball
2-2: Foul Ball, location: 2F
2-2: Ball
3-2: Base on Balls
Artie Green to second
Batting: RHB Miguel Mendoza 0-0: Swinging Strike
0-1: Swinging Strike
0-2: Ball
1-2: SINGLE (Flyball, 8RS)
Artie Green to third
Freddy Torres to second
Runner from 3rd tries for Home, SAFE, no throw
Pitching: LHP Al Atkins
Batting: RHB Glenn Melican 0-0: Called Strike
0-1: Swinging Strike
0-2: 3-RUN HOME RUN (Flyball, 7LD), Distance : 375 ft
Batting: RHB Albert Morán 0-0: Ball
1-0: Foul Ball, location: 2F
1-1: Foul Ball, location: 2F
1-2: Strikes out swinging
Batting: RHB Brandon Townsley 0-0: Ball
1-0: Ball
2-0: Ball
3-0: Called Strike
3-1: Base on Balls
Batting: SHB Fernando Gutiérrez 0-0: Called Strike
Brandon Townsley steals 2nd base
0-1: Called Strike
0-2: Ball
1-2: Strikes out swinging
Batting: RHB Julian Lee 0-0: Ball
1-0: Ground out 5-3 (Groundball, 56)
Bottom of the 6th over - 4 runs, 3 hits, 0 errors, 1 left on base; Beaumont 2 - Memphis 13
TOP OF THE 7TH
Beaumont Roughnecks batting - Pitching for Memphis Blues : RHP Carlos Morán
Batting: SHB Walton Locke 0-0: Ball
1-0: Ball
2-0: Ball
3-0: Called Strike
3-1: Ground out 4-3 (Groundball, 4)
Batting: SHB Miguel Hurtado 0-0: Swinging Strike
0-1: Ball
1-1: Ball
2-1: Swinging Strike
2-2: Ground out 1-3 (Groundball, 13)
Batting: LHB Roberto Félix 0-0: Foul Ball, location: 2F
0-1: Foul Ball, location: 2F
0-2: Ball
1-2: Foul Ball, location: 2F
1-2: Strikes out looking
Top of the 7th over - 0 runs, 0 hits, 0 errors, 0 left on base; Beaumont 2 - Memphis 13
BOTTOM OF THE 7TH
Memphis Blues batting - Pitching for Beaumont Roughnecks : LHP Al Atkins
Batting: RHB Ryan Nelson 0-0: SINGLE (Line Drive, 89S)
Batting: RHB Artie Green 0-0: Ball
1-0: Ball
2-0: Called Strike
2-1: Foul Ball, location: 2F
2-2: SINGLE (Line Drive, 89M)
Ryan Nelson to second
Runner from 2nd tries for 3rd, SAFE, no throw
Pinch Hitting: RHB Dennis Mays 0-0: Ball
1-0: Called Strike
1-1: Fly out, F9 (Line Drive, 89M)
Runner from 3rd tags up, OUT at HOME
Artie Green to second
Batting: RHB Miguel Mendoza 0-0: SINGLE (Groundball, 6MD)
Artie Green to third
Runner from 3rd tries for Home, SAFE, throw made home
Batting: RHB Glenn Melican 0-0: Ball
1-0: Called Strike
1-1: Ball
2-1: Ball
3-1: Foul Ball, location: 2F
3-2: Foul Ball, location: 2F
3-2: Base on Balls
Miguel Mendoza to second
Batting: RHB Albert Morán 0-0: Called Strike
0-1: Foul Ball, location: 2F
0-2: Ball
1-2: Ball
2-2: Fly out, F9 (Flyball, 9LS)
Bottom of the 7th over - 1 run, 3 hits, 0 errors, 2 left on base; Beaumont 2 - Memphis 14
TOP OF THE 8TH
Beaumont Roughnecks batting - Pitching for Memphis Blues : RHP Carlos Morán
Pitching: LHP Jaden Watkins
Now at C: Guy Morrison
Now at 3B: José Velásquez
Batting: RHB Jeff Vickers 0-0: Foul Ball, location: 2F
0-1: Ball
1-1: Ball
2-1: Foul Ball, location: 2F
2-2: Strikes out swinging
Batting: RHB António Aguilar 0-0: Ball
1-0: Ball
2-0: Ball
3-0: Called Strike
3-1: Ground out 6-3 (Groundball, 6)
Batting: LHB Corey MacGregor 0-0: Called Strike
0-1: Ball
1-1: Ball
2-1: Foul Ball, location: 2F
2-2: Foul Ball, location: 2F
2-2: Strikes out swinging
Top of the 8th over - 0 runs, 0 hits, 0 errors, 0 left on base; Beaumont 2 - Memphis 14
BOTTOM OF THE 8TH
Memphis Blues batting - Pitching for Beaumont Roughnecks : LHP Al Atkins
Batting: RHB Brandon Townsley 0-0: Called Strike
0-1: Foul Ball, location: 2F
0-2: Foul Ball, location: 2F
0-2: Ball
1-2: Ball
2-2: Ball
3-2: SINGLE (Groundball, 56S) (infield hit)
Batting: SHB Fernando Gutiérrez 0-0: Ball
1-0: Ball
2-0: Called Strike
2-1: Foul Ball, location: 2F
2-2: Foul Ball, location: 2F
2-2: Strikes out swinging
Batting: RHB Julian Lee 0-0: Ball
1-0: Ball
2-0: Called Strike
2-1: Ball
3-1: Foul Ball, location: 2F
3-2: SINGLE (Flyball, 9S)
Brandon Townsley to second
Brandon Townsley to third
Pitching: RHP Firmino Orsi
Batting: RHB Ryan Nelson
Pinch Hitting: LHB Pedro Ramos 0-0: Ball
1-0: Swinging Strike
1-1: Ball
2-1: Ball
Wild Pitch!
Brandon Townsley scores
Julian Lee to second
3-1: Base on Balls
Batting: RHB Artie Green 0-0: Called Strike
0-1: Ball
1-1: Swinging Strike
1-2: SINGLE (Groundball, 34D)
Julian Lee to third
Pedro Ramos to second
Batting: SHB José Velásquez 0-0: Ball
1-0: Called Strike
1-1: Ground out 3-1 (Groundball, 3D)
Julian Lee scores
Pedro Ramos to third
Artie Green to second
Batting: RHB Guy Morrison 0-0: Called Strike
0-1: Ball
1-1: Foul Ball, location: 2F
1-2: Ground out 5-3 (Groundball, 56)
Bottom of the 8th over - 2 runs, 3 hits, 0 errors, 2 left on base; Beaumont 2 - Memphis 16
TOP OF THE 9TH
Beaumont Roughnecks batting - Pitching for Memphis Blues : LHP Jaden Watkins
Now at 1B: Wilson Flores
Batting: SHB Miguel González 0-0: SINGLE (Flyball, 8LS) - OUT at second base trying to stretch hit.
Batting: RHB Jim MacAchounich 0-0: Fly out, F3 (Popup, 3SF)
Batting: LHB John Fitzgerald 0-0: Ball
1-0: Foul Ball, location: 2F
1-1: Foul Ball, location: 2F
1-2: Ball
2-2: SOLO HOME RUN (Flyball, 89XD), Distance : 432 ft
Batting: SHB Walton Locke 0-0: Fly out, F8 (Flyball, 8RM)
Top of the 9th over - 1 run, 2 hits, 0 errors, 0 left on base; Beaumont 3 - Memphis 16
Saturday, April 7th, 2018 - OOTP Baseball 18.8 Build 76